 Dungeon Sprint DCSS version 0.30-a0-368-g86fb4627a9 (webtiles) character file.

Game seed: 16321419358531591955

565 mhtbhm the Protected (level 7, -3/68 HPs)
             Began as an Armataur Fighter on Nov 19, 2022.
             Was an Initiate of Gozag.
             Slain by a tyrant leech (5 damage)
             ... in the Dungeon (Sprint VII: "The Pits").
             The game lasted 00:01:26 (610 turns).

mhtbhm the Protected (Armataur Fighter)              Turns: 610, Time: 00:01:26

Health: -3/68      AC: 11    Str: 24    XL:     7   Next: 10%
Magic:  7/7        EV:  8    Int:  8    God:    Gozag
Gold:   1278       SH:  5    Dex:  9    Spells: 6/6 levels left

rFire   . . .      SeeInvis .    a - +0 hand axe (vorpal)
rCold   . . .      Faith    .    c - +0 buckler
rNeg    . . .      Spirit   .    b - +3 scale mail
rPois   .          Reflect  .    (no helmet)
rElec   .          Harm     .    (no cloak)
rCorr   .          Roll     +    (no gloves)
Will    .....      NoTele   +    (no barding)
Stlth   ..........               (no amulet)
HPRegen 0.31/turn                (no ring)
MPRegen 0.10/turn                (no ring)

@: no status effects
A: large, rugged brown scales 3, deformed body, armoured tail, roll, long
tongue, awkward tongue
a: Renounce Religion, Potion Petition, Call Merchant, Bribe Branch


You were in the Dungeon.
You worshipped Gozag.
Gozag was most pleased with you.
You visited 1 branch You collected 1278 gold pieces.

Inventory:

Hand Weapons
 a - a +0 vorpal hand axe (weapon)
Armour
 b - a +3 scale mail (worn)
 c - a +0 buckler (worn)
Scrolls
 j - a scroll of blinking
 l - 5 scrolls of amnesia
 m - a scroll of summoning
Potions
 d - a potion of might
 e - 6 potions of curing
 f - 2 potions of heal wounds
 g - a potion of haste
 h - 4 potions of magic
 i - 3 potions of berserk rage
 k - 2 potions of invisibility


   Skills:
 + Level 6.8 Fighting
 + Level 6.8 Axes
 + Level 10.4 Armour
 + Level 2.8 Dodging
 + Level 1.2 Stealth
 + Level 7.8 Shields


You had 6 spell levels left.
You didn't know any spells.
Your spell library was empty.

Dungeon Overview and Level Annotations

Branches:
Dungeon (1/1)

Altars:
Ashenzari
Cheibriados
Dithmenos
Elyvilon
Fedhas
Gozag
Hepliaklqana
Kikubaaqudgha
Makhleb
Nemelex Xobeh
Okawaru
Qazlal
Ru
Sif Muna
Trog
Uskayaw
Vehumet
Wu Jian
Xom
Yredelemnul
Zin
The Shining One
Jiyva
Lugonu


Innate Abilities, Weirdness & Mutations

You are completely covered in rugged brown scales. (AC +3, +7% HP)
Armour fits poorly on your strangely shaped body.
You have a long armoured tail.
You roll when moving toward enemies. (Rampage)
Your long tongue fully drains potion bottles. (2x potion effects)
Your tongue gives you trouble enunciating. (1.5x scroll delay)


Message History

The tyrant leech bites you!
The tyrant leech draws strength from your injuries!
You are too injured to fight recklessly!
You are too injured to fight recklessly!
You are too injured to fight recklessly!
You are too injured to fight recklessly!
You are too injured to fight recklessly!
You are too injured to fight recklessly!
You are too injured to fight recklessly!
You are too injured to fight recklessly!
You are too injured to fight recklessly!
You are too injured to fight recklessly!
You are too injured to fight recklessly!
You are too injured to fight recklessly!
You are too injured to fight recklessly!
You are too injured to fight recklessly!
You are too injured to fight recklessly!
The tyrant leech completely misses you.
There is an open door, spattered with blood here.
Items here: )) [[.
You see here a +0 whip.
There is an open door here.
You roll towards the tyrant leech!
You roll towards the tyrant leech!
You miss the tyrant leech. The tyrant leech closely misses you.
You closely miss the tyrant leech. The tyrant leech bites you!
* * * LOW HITPOINT WARNING * * *
The tyrant leech draws strength from your injuries!
You hit the tyrant leech.
Your tail-slap misses the tyrant leech.
The tyrant leech is lightly wounded.
The tyrant leech bites you!
* * * LOW HITPOINT WARNING * * *
The tyrant leech draws strength from your injuries!
You hit the tyrant leech.
The tyrant leech is lightly wounded.
You miss the tyrant leech.
The tyrant leech is lightly wounded.
The tyrant leech bites you.
You die...
Your body crumbles into a pile of gold.

#.#..#.....##.....
#.#))#####'#####'#
#.#))#.....##.....
#.#))#.....##.....
#.#[[###'####.....
#.##'#..)..##...<.
#.#........##.....
#.#........##.....
#@###########.....
#w).....# ######
#).#.#..#
#)##.##.#
#.......#+#
#.##.##.#.+
#..#.#..#'#
#.......')#
###########


You could see a tyrant leech.

Vanquished Creatures
  Sigmund (D)
  A floating eye (D)
  An ogre (D)
  A wolf (D)
  A gnoll sergeant (D)
  An iguana (D)
  3 gnolls (D)
  A river rat (D)
  A white imp (D)
  An orc (D)
  2 giant cockroaches (D)
  A goblin (D)
  3 jackals (D)
  A ball python (D)
  A frilled lizard (D)
  A quokka skeleton (D)
21 creatures vanquished.

Notes
Turn   | Place    | Note
-------+----------+-------------------------------------------
     0 | D        | mhtbhm the Armataur Fighter began the quest for the Orb.
     0 | D        | Reached XP level 1. HP: 19/19 MP: 1/1
    19 | D        | Found a bloodstained altar of Trog.
    19 | D        | Found a shimmering blue altar of Sif Muna.
    19 | D        | Found a viscous altar of Jiyva.
    19 | D        | Found a hazy altar of Hepliaklqana.
    19 | D        | Found an opulent altar of Gozag.
    20 | D        | Found a glowing golden altar of the Shining One.
    20 | D        | Found a glowing silver altar of Zin.
    20 | D        | Found a basalt altar of Yredelemnul.
    20 | D        | Found a shimmering altar of Xom.
    20 | D        | Found an ornate altar of the Wu Jian Council.
    20 | D        | Found a sacrificial altar of Ru.
    20 | D        | Found a stormy altar of Qazlal.
    20 | D        | Found an iron altar of Okawaru.
    20 | D        | Found a sparkling altar of Nemelex Xobeh.
    20 | D        | Found a burning altar of Makhleb.
    20 | D        | Found a blossoming altar of Fedhas.
    20 | D        | Found a white marble altar of Elyvilon.
    20 | D        | Found a shadowy altar of Dithmenos.
    20 | D        | Found a snail-covered altar of Cheibriados.
    22 | D        | Found a radiant altar of Vehumet.
    22 | D        | Found a corrupted altar of Lugonu.
    23 | D        | Found a hide-covered altar of Uskayaw.
    23 | D        | Found an ancient bone altar of Kikubaaqudgha.
    23 | D        | Found a broken altar of Ashenzari.
    27 | D        | Became a worshipper of Gozag Ym Sagoz the Greedy
    76 | D        | Reached skill level 4 in Armour
   108 | D        | Noticed a floating eye
   109 | D        | Reached XP level 2. HP: 22/27 MP: 2/2
   111 | D        | Paralysed by a floating eye for 3 turns
   115 | D        | Killed a floating eye
   116 | D        | Reached skill level 5 in Fighting
   116 | D        | Reached skill level 7 in Armour
   116 | D        | Reached XP level 3. HP: 34/38 MP: 3/3
   116 | D        | Reached XP level 4. HP: 39/44 MP: 4/4
   148 | D        | Reached XP level 5. HP: 21/51 MP: 5/5
   322 | D        | Noticed a wolf
   334 | D        | Noticed an ogre
   338 | D        | Reached skill level 8 in Armour
   338 | D        | Reached skill level 1 in Dodging
   355 | D        | Killed an ogre
   356 | D        | Reached skill level 5 in Axes
   356 | D        | Reached skill level 9 in Armour
   356 | D        | Reached XP level 6. HP: 21/60 MP: 6/6
   545 | D        | Noticed Sigmund
   561 | D        | Killed Sigmund
   562 | D        | Reached skill level 10 in Armour
   562 | D        | Reached skill level 1 in Stealth
   562 | D        | Reached XP level 7. HP: 64/68 MP: 7/7
   574 | D        | Noticed a tyrant leech
   608 | D        | HP: 1/68 [tyrant leech (13)]
   610 | D        | Slain by a tyrant leech

Illustrated notes

Levels and vault maps discovered:
D:        pitsprint [storerooms_1, entrance_room_1, metal_vault_4, armoury_3,
          mini_pit_1, grid_room_1, main_hall_1, silver_pit, the_coven_1,
          the_vestibule_1, steel_vault_3, golden_pit, hallway_of_sentries,
          crystal_vault_4, iron_vault_5, final_vault]

Skill      XL: |  1  2  3  4  5  6 |
---------------+-------------------+-----
Fighting       | 3 5 6 |  6.8
Armour         | 4 7 9 10 | 10.4
Shields        | 4 6 7 |  7.8
Axes           | 3 5 6 |  6.8
Dodging        | 1 2 |  2.8
Stealth        | 1 |  1.2

Action                   |  1- 3 |  4- 6 |  7- 9 || total
-------------------------+-------+-------+-------++-------
Melee: Hand axe          |    20 |    64 |    19 ||   103
       War axe           |     5 |       |       ||     5
       Tailslap          |     4 |     7 |       ||    11
  Use: Potion            |     1 |     3 |       ||     4
 Stab: Distracted        |       |     1 |       ||     1
Armor: Scale mail        |    15 |    47 |     2 ||    64
Dodge: Dodged            |     6 |    38 |     4 ||    48
Block: Buckler           |     4 |    23 |     2 ||    29

Table legend: (Time is in decaauts)
 A = Elapsed time spent in this place.
 B = Non-inter-level travel time spent in this place.
 C = Inter-level travel time spent in this place.
 D = Time resting spent in this place.
 E = Time spent auto-exploring this place.
 F = Levels seen in this place.
 G = Mean time per level.
                   A        B        C        D        E       F      G
               +--------+--------+--------+--------+--------+-----+--------+
         Total |    621 |    621 |      0 |    282 |     27 |   1 |  621.0 |
       Dungeon |    621 |    621 |      0 |    282 |     27 |   1 |  621.0 |
               +--------+--------+--------+--------+--------+-----+--------+

Top non-repeatable levels by time:
       D: 621 daAuts
